Unix NetHack Version 3.7.0-97 Work-in-progress - last build Feb 8 2024 15:05:57 (6d6cdf8371b60126770a3d7b88910941cb14a054,branch:master). Game began 2024-02-18 08:51:07, ended 2024-02-18 08:59:03. elenmirie, neutral female gnomish Archeologist ------- -------------- |.....| |..........*..##### #......| |............| ###### # #####|.....| |............| ##0##### ------------### |.....| |>...........| ### # |..........|## |.....| ---------.---- ##### ########-...........# ---.--- ## ####### # |..........|# # # ### |..........|## ### # ------##### -.---------- 0######### ##### |....|# # #### -.-.-- # |.s@.d# # #### |....| # -.s..| # ## |.|..| ## |....+ # # |(...| --------|-- |....| ## #-----------.---- ------ |.........| |....| ####+..............| |......{... ------ #|....<.........| |.........| #...............| ----------- ---------------- Elenmirie the Field Worker St:11 Dx:9 Co:14 In:18 Wi:13 Ch:10 Neutral Dlvl:5 $:115 HP:0(21) Pw:14(14) AC:9 Xp:3/61 T:1832 Latest messages: You swap places with Yermak. You have a little trouble lifting $ - 13 gold pieces (115 in total). You see here a pancake. You have a little trouble lifting G - a pancake. You are beginning to feel weak. What do you want to eat? [dG or ?*] ? Blecch! Rotten food! You only feel hungry now. What do you want to eat? [d or ?*] ? This food really hits the spot! Your movements are now unencumbered. You finish eating the food ration. Something is engraved here on the headstone. You read: "Basil, assaulted by bears". You see here a chest. Hmmm, the chest turns out to be locked. You swap places with Yermak. With great effort you move the boulder. You find a hidden passage. Ouch! You bump into a door. The door resists! The door resists! The door opens. The cave spider bites! You miss the cave spider. The cave spider just misses! You miss the cave spider. The cave spider bites! The cave spider bites! You miss the cave spider. The cave spider bites! The cave spider bites! You miss the cave spider. The cave spider bites! The cave spider bites! You miss the cave spider. The cave spider bites! The cave spider bites! You miss the cave spider. The cave spider bites! The cave spider bites! You miss the cave spider. The cave spider bites! The cave spider bites! You die... Do you want your possessions identified? [ynq] (y) y Do you want to see your attributes? [ynq] (y) y Do you want an account of creatures vanquished? [ynaq] (y) y Do you want to see your conduct and achievements? [ynq] (y) y Do you want to see the dungeon overview? [ynq] (y) y Inventory: Coins $ - 115 gold pieces Amulets C - an uncursed amulet of magical breathing (being worn) Weapons a - an uncursed +2 bullwhip (weapon in left hand) Armor c - an uncursed +0 fedora (being worn) b - an uncursed +0 leather jacket (being worn) Comestibles d - 7 uncursed food rations Rings p - an uncursed ring of invisibility Wands F - an uncursed wand of locking (0:3) Tools w - an uncursed sack containing 13 items v - a blessed magic lamp e - an uncursed +0 pick-axe (alternate weapon; not wielded) i - an uncursed tin opener t - an uncursed tinning kit (0:57) Gems/Stones g - an uncursed touchstone Contents of the sack: an uncursed scroll of create monster an uncursed scroll of enchant weapon an uncursed scroll of identify an uncursed scroll of light an uncursed scroll of magic mapping a cursed scroll of remove curse an uncursed scroll of scare monster 3 uncursed potions of healing an uncursed potion of invisibility an uncursed potion of levitation an uncursed potion of paralysis an uncursed potion of sleeping a potion of holy water Elenmirie the Archeologist's attributes: Background: You were a Field Worker, a level 3 female gnomish Archeologist. You were neutral, on a mission for Camaxtli who was opposed by Quetzalcoatl (lawful) and Huhetotl (chaotic). You were left-handed. You were in the Dungeons of Doom, on level 5. You entered the dungeon 1832 turns ago. You had 61 experience points, 19 more were needed to attain level 4. Basics: You had 0 out of 21 hit points. You had all 14 energy points (spell power). Your armor class was 9. Your wallet contained 115 zorkmids. Autopickup was on for '$' plus thrown. Final Characteristics: Your strength was 11 (limit:18/50). Your dexterity was 9 (limit:18). Your constitution was 14 (limit:18). Your intelligence was 18 (limit:19). Your wisdom was 13 (limit:18). Your charisma was 10 (limit:18). Final Status: You weren't hungry. You were unencumbered. You were wielding a whip. You had basic skill with whip. Final Attributes: You were devoutly aligned. You had automatic searching. You had infravision. You could survive without air. You are dead. Miscellaneous: You never encountered a bones level. Total elapsed playing time was 7 minutes and 53 seconds. Major events: Turn 1: elenmirie the neutral female gnomish Archeologist entered the dungeon 606: entered the Gnomish Mines 880: attained the rank of Field Worker (level 3) 1832: killed by a cave spider Vanquished creatures: an orc zombie a wererat an acid blob 2 gnome zombies a gecko 3 jackals 2 foxes a kobold 2 goblins a sewer rat 2 grid bugs a bat 2 lichens 3 newts 23 creatures vanquished. No species were genocided or became extinct. Voluntary challenges: You were vegetarian. You were illiterate. You never engraved Elbereth. You never genocided any monsters. You never polymorphed an object. You never changed form. You used no wishes. Achievements: You entered the Gnomish Mines. You attained the rank of Field Worker. The Dungeons of Doom: levels 1 to 6 Level 1: A fountain, a grave. Level 2: A fountain. Stairs down to The Gnomish Mines. Level 3: Level 4: A fountain, a grave. Level 5: <- You were here. A fountain, a grave. Final resting place for you, killed by a cave spider. Level 6: The Gnomish Mines: Level 3: Game over: ---------- / \ / REST \ / IN \ / PEACE \ / \ | elenmirie | | 115 Au | | killed by a cave | | spider | | | | | | 2024 | *| * * * | * _________)/\\_//(\/(/\)/\//\/|_)_______ Goodbye elenmirie the Archeologist... You died in The Dungeons of Doom on dungeon level 5 with 608 points, and 115 pieces of gold, after 1832 moves. You were level 3 with a maximum of 21 hit points when you died.